 Dungeon Crawl Stone Soup version 0.31-a0-636-ge1c0e020e0 (webtiles) character file.

Game seed: 15704480267669679303

172 jlumianski the Magician (level 5, -3/36 HPs)
             Began as a Djinni Fire Elementalist on Aug 27, 2023.
             Was a Follower of Makhleb.
             Slain by Duvessa
             ... wielding a +0 short sword
              (9 damage)
             ... on level 4 of the Dungeon.
             The game lasted 00:13:04 (2110 turns).

jlumianski the Magician (Djinni Fire Elementalist)  Turns: 2110, Time: 00:13:06

Health: -3/36      AC:  2    Str:  7    XL:     5   Next: 83%
Gold:   131        EV: 13    Int: 18    God:    Makhleb [*.....] SH:  0 Dex: 14

rFire   + + .        p - +1 dagger (speed)
rCold   x . .        (no shield)
rNeg    . . .        a - +0 robe
rPois   ∞            (no helmet)
rElec   .            (no cloak)
rCorr   .            (no gloves)
SInv    .            (boots unavailable)
Will    .....        (no amulet)
Stlth   ++           (no ring)
HPRegen 0.26/turn    (no ring)
MPRegen 0.00/turn

%: infuse magic (-4 HP)
@: flying
A: sickness immunity, fire resistance 2, cold vulnerability 1, float, innate
caster, HP casting, extra vitality 1
a: Renounce Religion


You were on level 4 of the Dungeon.
You worshipped Makhleb.
Makhleb was aware of your devotion.
You visited 2 branches of the dungeon, and saw 6 of its levels.

You collected 131 gold pieces.

Inventory:

Hand Weapons
 c - a +0 short sword
 p - a +1 dagger of speed (weapon)
 r - a +0 dagger of venom
Missiles
 m - 9 poisoned darts
Armour
 a - a +0 robe (worn)
Scrolls
 e - a scroll of immolation {unknown}
 f - a scroll of enchant armour {unknown}
 g - a scroll of poison {unknown}
 h - 2 scrolls of fog {unknown}
 k - a scroll of teleportation {unknown}
 n - 2 scrolls of revelation {unknown}
Potions
 b - a potion of berserk rage
 d - a potion of degeneration
 i - 2 potions of resistance
 j - a potion of might
 l - 2 potions of heal wounds
 o - a potion of cancellation
 q - a potion of lignification


   Skills:
 + Level 0.5 Fighting
 + Level 0.3 Short Blades
 + Level 3.3 Dodging
 + Level 2.8 Stealth
 * Level 4.0 Spellcasting
 * Level 4.0 Conjurations
 * Level 4.0 Hexes
 * Level 4.0 Summonings
 * Level 4.0 Necromancy
 * Level 4.0 Translocations
 * Level 4.0 Transmutations
 * Level 4.0 Fire Magic
 * Level 4.0 Ice Magic
 * Level 4.0 Air Magic
 * Level 4.0 Earth Magic
 * Level 4.0 Poison Magic


You knew the following spells:

 Your Spells              Type           Power      Damage    Failure   Level
a - Foxfire               Conj/Fire      72%        2x1d7     2%          1
b - Scorch                Fire           36%        2d6       4%          2
c - Volatile Blastmotes   Fire/Tloc      36%        2d13      9%          3
d - Inner Flame           Hex/Fire       18%        N/A       9%          3
e - Flame Wave            Conj/Fire      18%        2d7       28%         4
f - Necrotise             Necr           72%        1d7       2%          1
g - Call Imp              Summ           36%        N/A       4%          2
Your spell library was empty.

Dungeon Overview and Level Annotations

Branches:
Dungeon (5/15)             Temple (1/1) D:5

Altars:
Gozag
Hepliaklqana
Makhleb
Qazlal
Ru
Trog
Uskayaw
Yredelemnul
The Shining One

Annotations:
D:4 Dowan, Duvessa


Innate Abilities, Weirdness & Mutations

You are immune to sickness and miasma.
You are immune to poison.
Your flesh is very heat resistant. (rF++)
You are vulnerable to cold. (rC-)
You float through the air rather than walking.
You learn spells naturally, not from books.
Your magical power is your life essence.
You have superior vitality. (+4 MHP)


Message History

Duvessa, Sister of Dowan comes into view.
She is wielding a +0 short sword.
Your foxfire dissipates!
Casting: Foxfire (safe; 2% risk of failure)
Confirm with . or Enter, or press ? or * to list all spells.
You conjure some foxfire!
Your cerulean imp disappears in a puff of smoke!
Casting: Foxfire (safe; 2% risk of failure)
Confirm with . or Enter, or press ? or * to list all spells.
You conjure some foxfire!
The foxfire hits Duvessa.
Duvessa is lightly wounded.
The foxfire hits Duvessa but does no damage.
Duvessa is lightly wounded.
The foxfire hits Duvessa!
Duvessa is moderately wounded.
The foxfire hits Duvessa.
Duvessa is heavily wounded.
Dowan, Brother of Duvessa comes into view.
He is wielding a +0 dagger of venom.
Duvessa says, "When magic and the sword combine, nothing stands against them."
Casting: Foxfire (safe; 2% risk of failure)
Confirm with . or Enter, or press ? or * to list all spells.
Flames lash Duvessa.
Duvessa is severely wounded.
Duvessa's fire resistance burns away.
* * * LOW HITPOINT WARNING * * *
Your orc priest skeleton closely misses Duvessa.
Your orc wizard skeleton closely misses Duvessa.
Casting: Scorch (safe; 4% risk of failure)
Confirm with . or Enter, or press ? or * to list all spells.
Flames lash Duvessa.
Duvessa is burned terribly!
Duvessa is almost dead.
* * * LOW HITPOINT WARNING * * *
Duvessa barely misses you.
Casting: Scorch (safe; 4% risk of failure)
Confirm with . or Enter, or press ? or * to list all spells.
Flames lash Duvessa.
Duvessa is burned terribly!
Duvessa is almost dead.
* * * LOW HITPOINT WARNING * * *
Your orc wizard skeleton hits Duvessa but does no damage.
Duvessa hits you with a +0 short sword!
You die...

.... #.# ....# ..
..e.. ##.. .....##..
....... #.Z..## ..
##Ze..## #>. ..
#..)@..##........
...#...............
...#..............##
.§.....)...........#
..........##... ..#
#..........##.##.#####
...........†#.#......#
#.....#......[<...# ..
.......#....#.....#...


You could see Duvessa (combustible, ally target), Dowan, a friendly orc priest
skeleton and a friendly orc wizard skeleton.

Vanquished Creatures
  A jelly (D:2)
  An orc priest (D:4)
  An orc wizard (D:4)
  An adder (D:2)
  3 dart slugs
  3 orcs
  8 ball pythons
  6 bats
  3 endoplasms (D:1)
  2 giant cockroaches
  4 hobgoblins
  10 jackals
  2 quokkas (D:1)
  4 frilled lizards
  4 goblins
  10 kobolds
  2 rats (D:1)
65 creatures vanquished.

Vanquished Creatures (others)
  135 foxfires
135 creatures vanquished.

Grand Total: 200 creatures vanquished

Notes
Turn   | Place    | Note
-------+----------+-------------------------------------------
     0 | D:1      | jlumianski the Djinni Fire Elementalist began the quest for
                  | the Orb.
     0 | D:1      | jlumianski set off with the following spells memorised:
                  | Foxfire, Scorch, Volatile Blastmotes, Inner Flame, Flame
                  | Wave.
     0 | D:1      | Reached XP level 1. HP: 15/15 MP: 0/0
    59 | D:1      | Reached XP level 2. HP: 19/21 MP: 0/0
   176 | D:1      | Reached XP level 3. HP: 23/25 MP: 0/0
   176 | D:1      | Learned a level 1 spell: Necrotise
   288 | D:5      | Entered Level 5 of the Dungeon
   320 | D:5      | Found a staircase to the Ecumenical Temple.
   330 | Temple   | Entered the Ecumenical Temple
   338 | Temple   | Became a worshipper of Makhleb the Destroyer
  1341 | D:2      | Reached XP level 4. HP: 13/31 MP: 0/0
  1521 | D:2      | Reached * piety under Makhleb
  1710 | D:2      | Found an opulent altar of Gozag.
  1785 | D:2      | Reached XP level 5. HP: 33/35 MP: 0/0
  1785 | D:2      | Learned a level 2 spell: Call Imp
  2103 | D:4      | Noticed Duvessa
  2107 | D:4      | Noticed Dowan
  2110 | D:4      | Slain by Duvessa

Illustrated notes

Levels and vault maps discovered:
D:1:      wander_arrival_lonely_grave, layout_basic, minmay_misc_feat_pillars
D:2:      layout_basic, basic_altar, kennysheep_generic_room_12
D:3:      layout_loops_ring, lemuel_crystal_altar,
          dreamdust_ecumenical_altar_hidden_monk_grotto, grunt_decor_resistance,
          minmay_ruptured
D:4:      layout_cave_pools, nicolae_figureground_sparkle, uniq_duvessa
D:5:      layout_basic, minmay_temple_entry_ruins, serial_rivers,
          chequers_serial_rivers_marsh, chequers_serial_rivers_small_a,
          chequers_serial_rivers_small_a, chequers_serial_rivers_large_b,
          chequers_serial_rivers_marsh, minmay_door_square, uniq_grinder,
          uniq_prince_ribbit1
Temple:   eino_wide_crystal_templ

Skill      XL: |  1  2  3  4  5 |
---------------+----------------+-----
Spellcasting   | 4 |  4.0
Conjurations   | 4 |  4.0
Hexes          | 4 |  4.0
Summonings     | 4 |  4.0
Necromancy     | 4 |  4.0
Translocations | 4 |  4.0
Transmutations | 4 |  4.0
Fire Magic     | 4 |  4.0
Ice Magic      | 4 |  4.0
Air Magic      | 4 |  4.0
Earth Magic    | 4 |  4.0
Poison Magic   | 4 |  4.0
Stealth        | 2 |  2.8
Dodging        | 3 |  3.3
Fighting       | |  0.5
Short Blades   | |  0.3

Action                     |  1- 3 |  4- 6 || total
---------------------------+-------+-------++-------
  Melee: Short sword       |    19 |     5 ||    24
         Dagger            |       |     5 ||     5
   Cast: Foxfire           |    50 |    28 ||    78
         Scorch            |     1 |     8 ||     9
         Necrotise         |     1 |    13 ||    14
         Call Imp          |       |     1 ||     1
    Use: Scroll            |       |     4 ||     4
         Potion            |       |     3 ||     3
   Stab: Sleeping          |     2 |     2 ||     4
 Armour: Robe              |     9 |     5 ||    14
  Dodge: Dodged            |    31 |    11 ||    42

Table legend: (Time is in decaauts)
 A = Elapsed time spent in this place.
 B = Non-inter-level travel time spent in this place.
 C = Inter-level travel time spent in this place.
 D = Time resting spent in this place.
 E = Time spent auto-exploring this place.
 F = Levels seen in this place.
 G = Mean time per level.
                   A        B        C        D        E       F      G
               +--------+--------+--------+--------+--------+-----+--------+
         Total |   2109 |   2093 |     16 |    119 |   1062 |   6 |  351.5 |
       Dungeon |   2094 |   2078 |     16 |    119 |   1062 |   5 |  418.8 |
        Temple |     14 |     14 |      0 |      0 |      0 |   1 |   14.0 |
               +--------+--------+--------+--------+--------+-----+--------+

Top non-repeatable levels by time:
     D:1: 1075 daAuts
     D:2: 785 daAuts
     D:3: 104 daAuts
     D:4: 67 daAuts
     D:5: 62 daAuts
  Temple: 14 daAuts
